Map: Thunderbird LE

Players

PashkaRU - Winner!

  • Race: Protoss Protoss
  • League: Platinum
  • Spawn Location: 11:00

DarwinAwdWnr

  • Race: Zerg Zerg
  • Spawn Location: 5:00

VOD

Have the link to the VOD?

Description

Time

  • Played on: June 15, 2019, 2:08 a.m.
  • Length: 18:41
Show
View Real Time Build Order
Export as new Build Order

PashkaRU Protoss - Winner!

Build Orders: 1 Gate Expand 

Get SALT Encoding   

  12  0:01  Probe  
  13  0:13  Probe  
  14  0:22  Pylon  
  14  0:25  Probe  
  15  0:36  Probe  
  16  0:43  Gateway  
  16  0:55  Probe  
  16  0:56  Assimilator  
  16  1:03  Probe  
  18  1:11  Probe  
  19  1:22  Probe  
  20  1:33  Nexus  
  20  1:39  Cybernetics Core  
  20  1:45  Probe  
  21  1:49  Assimilator  
  21  1:57  Probe  
  22  2:09  Probe  
  22  2:13  Gateway  
  22  2:15  Pylon  
  23  2:17  Pylon  
  23  2:24  Warp Gate  
  23  2:25  Stalker  
  23  2:35  Probe  
  26  2:43  Probe  
  26  2:49  Probe  
  28  2:55  Adept  
  28  2:57  Probe, Robotics Facility  
  30  3:02  Probe  
  32  3:08  Probe  
  32  3:10  Adept  
  35  3:26  Pylon  
  35  3:28  Probe  
  35  3:30  Probe  
  35  3:33  Twilight Council  
  37  3:40  Probe, Pylon  
  38  3:43  Sentry  
  38  3:45  Probe  
  41  3:48  Assimilator  
  41  3:52  Probe  
  42  3:57  Probe  
  42  3:59  Pylon  
  43  4:04  Probe  
  43  4:09  Probe, Dark Shrine  
  45  4:15  Gateway  
  45  4:18  Probe  
  45  4:21  Probe  
  47  4:27  Assimilator  
  47  4:30  Probe  
  48  4:34  Immortal  
  52  4:44  Stalker x2  
  56  5:00  Dark Shrine  
  56  5:03  Gateway  
  56  5:05  Gateway  
  56  5:11  Stalker  
  56  5:12  Stalker  
  60  5:17  Probe x2  
  60  5:19  Observer  
  63  5:34  Gateway  
  63  5:38  Robotics Facility  
  63  5:43  Pylon  
  63  5:46  Gateway  
  63  5:50  Pylon  
  63  5:58  Sentry  
  63  5:59  Stalker, Sentry  
  63  6:00  Forge  
  63  6:01  Pylon  
  69  6:19  Dark Templar  
  69  6:21  Dark Templar  
  73  6:25  Nexus  
  73  6:26  Dark Templar  
  75  6:36  Dark Templar  
  77  6:46  Probe x2  
  79  6:53  Zealot x2, Dark Templar  
  85  6:58  Probe x2  
  81  7:10  Probe x2  
  81  7:12  Stalker x2, Gateway  
  74  7:33  Dark Templar x2  
  74  7:57  Dark Templar x3  
  67  8:26  Probe  
  53  8:33  Probe x2  
  50  8:34  Probe  
  50  8:37  Zealot x2  
  50  8:38  Zealot x5  
  65  8:43  Probe  
  65  8:44  Probe  
  65  8:45  Probe  
  65  8:47  Templar Archives  
  68  8:51  Probe, Gateway  
  68  8:53  Gateway  
  68  8:56  Probe, Pylon, Assimilator  
  68  8:57  Probe  
  68  8:59  Probe  
  68  9:00  Assimilator  
  68  9:01  Dark Templar x2  
  75  9:05  Probe  
  75  9:09  Probe  
  78  9:11  Probe  
  78  9:13  Probe  
  79  9:21  Probe  
  79  9:23  Probe x2  
  81  9:33  Probe  
  81  9:35  Probe x2  
  78  9:45  Dark Templar x4  
  72  9:46  Probe, Dark Templar  
  72  9:47  Zealot x3  
  72  9:48  Probe  
  86  9:58  Pylon  
  86  10:16  Dark Templar x2  
  86  10:17  Dark Templar x2  
  90  10:30  Zealot, Dark Templar x2  
  90  10:31  Zealot  
  98  10:46  Nexus  
  98  10:48  Pylon  
  98  10:51  Stalker x2, Pylon  
  98  10:52  Stalker x4  
  98  10:53  Assimilator  
  98  10:55  Protoss Ground Weapons Level 1  
  110  10:57  Assimilator, Psionic Storm  
  101  11:44  Dark Templar x4  
  101  11:45  Dark Templar  
  101  11:46  Zealot x3  
  117  11:55  Pylon  
  117  12:00  Pylon  
  99  12:22  Dark Templar x4  
  100  12:23  Zealot x2  
  100  12:24  Zealot x2  
  108  12:49  Stalker  
  108  12:50  Stalker x3  
  116  13:02  Stalker  
  116  13:03  Stalker x2  
  110  13:27  Nexus  
  110  13:29  Pylon  
  110  13:32  Pylon  
  110  13:34  Pylon  
  90  13:52  Dark Templar x2  
  90  13:53  Dark Templar x3  
  90  13:54  Zealot x2  
  60  14:15  Assimilator  
  59  14:26  Dark Templar x3  
  51  14:38  Dark Templar  
  45  15:33  High Templar x3  
  45  15:34  Zealot x2  
  51  15:39  Gateway  
  51  15:40  Gateway  
  51  15:43  Gateway  
  51  15:45  Gateway  
  51  15:46  Gateway  
  51  15:48  Pylon  
  51  16:09  Probe  
  51  16:13  Probe  
  51  16:17  Probe  
  47  16:21  Probe  
  49  16:27  Probe  
  49  16:31  Probe, Nexus  
  50  16:39  Probe  
  52  16:43  Probe  
  47  16:51  Probe  
  42  16:55  Zealot  
  42  16:56  Zealot x4  
  41  17:13  Archon  
  41  17:22  Zealot x2  
  41  18:07  Gateway  
  41  18:08  Probe  
  41  18:09  Gateway  
  41  18:11  Gateway  
  41  18:14  Gateway  
  41  18:16  Probe, Gateway  
  41  18:19  Pylon  
  40  18:23  Pylon  
  40  18:26  Probe  
  41  18:27  Cybernetics Core  
Show
View Real Time Build Order
Export as new Build Order

DarwinAwdWnr Zerg 

Build Orders: 3 Hatch before Pool, Swarm Host 

Get SALT Encoding   

  12  0:01  Drone  
  13  0:10  Drone  
  14  0:20  Overlord  
  14  0:39  Drone x2  
  16  0:46  Drone  
  17  0:51  Drone  
  18  0:58  Hatchery  
  17  1:26  Hatchery  
  17  1:30  Extractor  
  15  1:33  Spawning Pool  
  15  1:34  Drone  
  15  1:41  Drone  
  15  1:42  Drone  
  15  1:46  Drone  
  18  1:57  Drone  
  19  2:06  Drone  
  20  2:14  Drone  
  21  2:25  Drone x2  
  21  2:27  Queen  
  21  2:28  Queen  
  27  2:38  Drone x2  
  27  2:39  Drone  
  27  2:41  Queen  
  32  2:45  Overlord  
  32  3:11  Zergling x6  
  35  3:13  Drone x6  
  41  3:22  Drone  
  41  3:24  Metabolic Boost  
  42  3:51  Overlord  
  42  3:52  Overlord  
  42  3:55  Lair  
  42  4:00  Drone, Extractor  
  42  4:01  Overlord  
  42  4:33  Roach Warren  
  41  4:56  Drone  
  41  4:57  Drone x13  
  41  4:59  Spore Crawler  
  54  5:06  Spine Crawler  
  53  5:07  Spore Crawler  
  53  5:13  Spore Crawler  
  51  5:15  Roach x2, Spine Crawler  
  51  5:16  Overlord x4, Roach x2  
  51  5:17  Overlord  
  58  5:26  Infestation Pit  
  57  5:42  Extractor  
  56  5:44  Extractor  
  56  5:46  Drone, Extractor  
  56  5:47  Overlord x5, Drone x6, Extractor  
  56  5:48  Overlord  
  60  6:03  Pneumatized Carapace  
  60  6:04  Swarm Host x2  
  60  6:05  Swarm Host x2  
  71  6:40  Swarm Host x4  
  71  6:42  Zergling x20  
  71  6:43  Zergling x4  
  95  6:55  Swarm Host x3  
  102  7:05  Overseer  
  86  7:17  Swarm Host  
  86  7:18  Swarm Host x2  
  83  7:41  Swarm Host  
  83  7:42  Swarm Host x4  
  83  7:49  Zergling x2  
  83  7:50  Zergling x12  
  54  8:35  Swarm Host  
  54  8:36  Swarm Host x5  
  72  8:45  Hatchery  
  71  8:50  Queen x2  
  75  9:12  Swarm Host  
  75  9:13  Swarm Host x4  
  75  9:14  Nydus Network  
  89  9:26  Queen  
  92  9:49  Hatchery  
  91  9:55  Nydus Canal  
  91  9:56  Swarm Host  
  91  9:57  Swarm Host x5  
  103  10:27  Swarm Host  
  103  10:28  Swarm Host x3  
  94  10:32  Overseer  
  97  10:41  Overseer  
  97  10:45  Nydus Canal  
  97  10:51  Swarm Host  
  100  11:01  Nydus Canal  
  100  11:03  Swarm Host  
  97  11:44  Nydus Canal  
  97  11:53  Drone x7  
  79  13:13  Hatchery  
  79  13:15  Overseer  
  79  13:16  Swarm Host  
  79  13:17  Swarm Host x5  
  73  14:08  Nydus Network  
  64  14:45  Spore Crawler, Spine Crawler  
  62  15:16  Overseer  
  37  16:09  Hatchery  
  30  17:34  Drone x2  
Tags
 
Add a new tag
Caveats
  • Supply blocks, unpowered buildings, or Contaminate may cause inaccurate times.
  • Supply counts are checked every 10 seconds.